Map: Tropical Sacrifice

Players

RexySaxMan

  • Race: Protoss Protoss
  • League: Platinum
  • Spawn Location: 7:00

Gammawatt - Winner!

  • Race: Protoss Protoss
  • League: Platinum
  • Spawn Location: 1:00

VOD

Have the link to the VOD?

Description

toss boss

Time

  • Played on: Nov. 20, 2022, 12:50 p.m.
  • Length: 13:51
Show
View Real Time Build Order
Export as new Build Order

RexySaxMan Protoss 

Build Orders: 1 Gate Expand 

Get SALT Encoding   

  12  0:00  Probe  
  13  0:12  Probe  
  14  0:22  Pylon  
  14  0:28  Probe  
  15  0:41  Probe (Chrono Boost), Gateway  
  16  0:49  Probe (Chrono Boost)  
  17  0:52  Assimilator  
  17  0:58  Probe (Chrono Boost)  
  18  1:10  Probe (Chrono Boost)  
  19  1:17  Probe (Chrono Boost)  
  20  1:27  Nexus  
  20  1:30  Probe  
  21  1:41  Cybernetics Core  
  21  1:43  Probe  
  22  1:52  Pylon  
  22  1:55  Probe  
  22  1:58  Assimilator  
  23  2:10  Probe (Chrono Boost)  
  24  2:19  Warp Gate  
  24  2:20  Stalker  
  24  2:21  Probe (Chrono Boost)  
  27  2:25  Probe (Chrono Boost)  
  28  2:37  Probe (Chrono Boost)  
  28  2:38  Robotics Facility  
  29  2:49  Probe x2 (Chrono Boost)  
  30  2:56  Probe (Chrono Boost)  
  30  2:57  Sentry  
  30  2:58  Probe (Chrono Boost)  
  34  3:03  Probe  
  35  3:09  Probe (Chrono Boost)  
  36  3:17  Pylon  
  38  3:20  Probe (Chrono Boost)  
  38  3:21  Probe (Chrono Boost)  
  38  3:26  Immortal  
  42  3:28  Probe (Chrono Boost)  
  42  3:29  Probe (Chrono Boost)  
  42  3:30  Stalker  
  46  3:35  Probe (Chrono Boost)  
  48  3:44  Probe (Chrono Boost)  
  48  3:47  Probe (Chrono Boost)  
  49  3:53  Pylon  
  49  3:54  Probe x2 (Chrono Boost)  
  50  3:59  Nexus  
  50  4:05  Probe  
  50  4:07  Assimilator  
  51  4:10  Observer  
  51  4:11  Pylon  
  51  4:12  Assimilator  
  51  4:14  Shield Battery  
  52  4:18  Probe  
  52  4:22  Shield Battery  
  51  4:26  Stalker  
  51  4:27  Probe  
  54  4:34  Probe  
  55  4:39  Probe (Chrono Boost)  
  55  4:40  Immortal (Chrono Boost)  
  60  4:51  Nexus  
  60  4:52  Probe (Chrono Boost)  
  61  4:53  Pylon  
  61  4:56  Probe (Chrono Boost), Pylon  
  61  4:59  Probe (Chrono Boost)  
  63  5:02  Probe  
  64  5:10  Probe (Chrono Boost)  
  64  5:14  Gateway  
  65  5:15  Immortal  
  65  5:18  Probe (Chrono Boost)  
  70  5:22  Probe (Chrono Boost)  
  72  5:30  Probe x2 (Chrono Boost)  
  72  5:34  Pylon  
  73  5:37  Pylon  
  73  5:38  Probe  
  73  5:39  Probe  
  75  5:48  Twilight Council  
  75  5:51  Probe (Chrono Boost)  
  75  5:56  Probe (Chrono Boost)  
  77  6:02  Probe (Chrono Boost)  
  80  6:05  Probe (Chrono Boost)  
  80  6:08  Shield Battery  
  80  6:09  Probe (Chrono Boost)  
  80  6:10  Pylon  
  80  6:11  Probe (Chrono Boost)  
  81  6:12  Probe (Chrono Boost)  
  81  6:15  Assimilator  
  81  6:16  Probe (Chrono Boost)  
  81  6:17  Probe x2 (Chrono Boost), Stalker x2, Immortal (Chrono Boost)  
  88  6:19  Assimilator  
  93  6:32  Charge (Chrono Boost)  
  86  6:38  Probe  
  81  6:40  Robotics Facility  
  81  6:41  Stalker x2, Gateway  
  81  6:42  Probe  
  81  6:45  Gateway  
  77  6:47  Probe  
  77  6:50  Probe  
  72  6:57  Immortal (Chrono Boost)  
  72  7:03  Probe  
  72  7:05  Stalker x2  
  72  7:17  Probe  
  73  7:23  Probe  
  73  7:26  Probe  
  75  7:31  Immortal  
  75  7:32  Immortal  
  75  7:33  Sentry  
  85  7:39  Templar Archives  
  85  7:40  Stalker x3  
  93  7:44  Probe (Chrono Boost)  
  93  7:46  Probe (Chrono Boost)  
  93  7:48  Probe (Chrono Boost), Nexus  
  94  7:51  Pylon  
  94  7:55  Pylon  
  94  7:59  Stalker  
  94  8:01  Probe  
  97  8:06  Probe  
  97  8:07  Probe  
  97  8:09  Stalker x3  
  105  8:15  Immortal  
  105  8:18  Immortal  
  113  8:21  Probe  
  114  8:27  Gateway  
  114  8:28  Gateway  
  114  8:30  Stalker  
  114  8:32  Probe  
  102  8:43  Shield Battery, Stalker x3  
  102  8:44  Pylon  
  102  8:45  Probe  
  81  8:50  Probe  
  81  8:52  Probe  
  72  8:56  Stalker  
  72  8:58  Probe  
  71  9:05  Probe  
  71  9:06  Stalker  
  71  9:07  Stalker  
  67  9:10  High Templar  
  67  9:11  Probe  
  67  9:16  Probe  
  69  9:19  Probe  
  66  9:31  Zealot x2  
  67  9:32  Probe  
  57  9:42  Immortal  
  57  9:45  Zealot  
  57  9:47  Probe  
  57  9:48  Probe  
  57  9:49  Probe  
  55  9:54  High Templar x2  
  55  9:59  Probe  
  59  10:01  Probe  
  59  10:04  Probe  
  59  10:05  Archon  
  60  10:10  Pylon  
  60  10:16  Probe  
  60  10:19  Zealot  
  60  10:21  Probe  
  59  10:28  Probe  
  58  10:30  High Templar x2  
  58  10:33  Probe  
  63  10:40  Probe  
  64  10:45  Probe  
  64  10:47  Archon  
  64  10:49  High Templar  
  66  10:52  Probe  
  66  10:55  Assimilator  
  67  10:57  Probe  
  68  11:04  Probe  
  68  11:08  Archon  
  69  11:14  Nexus  
  69  11:19  Pylon  
  69  11:24  Pylon  
  69  11:27  High Templar  
  69  11:28  High Templar  
  72  11:51  Zealot  
  72  11:52  Zealot  
  72  11:55  Probe  
  72  12:00  Probe  
  68  12:14  Nexus  
  68  12:16  Probe, Pylon  
  68  12:18  Pylon  
  68  12:25  Probe  
  68  12:29  Probe  
  70  12:37  Probe  
  70  12:39  Archon  
  70  12:41  Probe  
  70  12:42  High Templar x4  
  80  12:45  Pylon  
  80  12:57  Archon x2  
  80  12:59  Probe  
  80  13:00  Probe  
  80  13:04  Immortal (Chrono Boost)  
  82  13:11  Probe  
  82  13:12  Probe  
  88  13:19  Assimilator  
  88  13:22  Shield Battery  
  90  13:28  Probe x2 (Chrono Boost)  
  90  13:31  Probe (Chrono Boost)  
  90  13:34  Assimilator  
Show
View Real Time Build Order
Export as new Build Order

Gammawatt Protoss - Winner!

Build Orders: 1 Gate Expand, Chargelot Immortal 

Get SALT Encoding   

  12  0:00  Probe  
  13  0:12  Probe  
  14  0:20  Pylon  
  14  0:24  Probe  
  15  0:38  Gateway  
  15  0:40  Probe  
  16  0:54  Probe  
  17  1:13  Nexus  
  17  1:18  Assimilator  
  17  1:26  Cybernetics Core  
  17  1:29  Probe  
  18  1:40  Pylon  
  18  1:43  Probe  
  19  1:55  Warp Gate (Chrono Boost)  
  19  1:56  Probe  
  20  2:04  Gateway  
  20  2:06  Adept (Chrono Boost)  
  22  2:21  Probe, Gateway  
  23  2:25  Probe  
  24  2:31  Adept  
  26  2:39  Probe x2  
  28  2:48  Assimilator  
  28  2:51  Probe  
  29  2:53  Adept  
  31  2:59  Probe  
  31  3:03  Probe, Pylon  
  33  3:11  Probe  
  34  3:28  Adept x2  
  38  3:35  Probe x2  
  38  3:38  Pylon  
  38  3:41  Robotics Facility  
  40  3:46  Twilight Council  
  40  3:50  Pylon, Probe  
  41  4:28  Blink (Chrono Boost)  
  41  4:32  Observer (Chrono Boost)  
  42  4:42  Assimilator  
  42  4:43  Zealot x3  
  48  4:46  Immortal (Chrono Boost)  
  48  4:47  Probe x2  
  54  4:59  Probe  
  55  5:00  Probe  
  55  5:03  Assimilator  
  56  5:11  Probe  
  56  5:14  Gateway x2  
  57  5:17  Stalker x2, Immortal (Chrono Boost)  
  65  5:21  Stalker  
  67  5:37  Shield Battery  
  67  5:41  Stalker  
  69  5:46  Pylon  
  69  5:49  Pylon  
  69  5:58  Robotics Bay  
  69  6:00  Charge  
  69  6:03  Warp Prism (Chrono Boost)  
  69  6:11  Probe x2  
  55  7:20  Immortal (Chrono Boost)  
  53  7:27  Zealot x5  
  67  7:36  Gravitic Drive  
  67  7:47  Probe, Nexus  
  67  7:48  Probe  
  69  7:51  Pylon  
  69  7:52  Immortal  
  69  7:53  Pylon  
  69  7:55  Pylon  
  69  7:58  Zealot x5  
  79  7:59  Probe  
  79  8:00  Probe  
  85  8:12  Probe x2  
  87  8:28  Zealot x5  
  83  9:09  Zealot x5  
  79  10:02  Probe x2  
  81  10:08  Immortal  
  81  10:14  Probe x2  
  86  10:19  Stalker x3  
  86  10:20  Stalker x2  
  91  10:26  Probe x2  
  89  10:35  Probe  
  90  10:37  Assimilator  
  90  10:38  Probe x2  
  92  10:47  Probe, Immortal  
  92  10:48  Gateway  
  97  10:50  Probe x2, Gateway  
  97  10:51  Nexus, Assimilator  
  99  10:59  Probe  
  99  11:02  Probe x2  
  99  11:03  Templar Archives  
  102  11:14  Probe  
  103  11:26  Immortal  
  91  12:05  Immortal  
  91  12:07  Zealot x7  
  109  12:34  High Templar x5  
  109  12:35  High Templar x2  
  123  12:38  Archon x3  
  123  12:43  Probe x2  
  123  12:44  Probe  
  126  12:45  Immortal  
  126  12:49  Assimilator  
  130  12:55  Probe  
  130  12:56  Probe x2, Assimilator  
  133  13:07  Probe  
  133  13:10  High Templar  
  133  13:11  High Templar x2  
  140  13:18  Pylon x2  
  140  13:19  Pylon  
  140  13:21  Pylon, Archon x2  
  140  13:23  Pylon  
Tags
 
Add a new tag
Caveats
  • Supply blocks, unpowered buildings, or Contaminate may cause inaccurate times.
  • Supply counts are checked every 10 seconds.